 Dungeon Crawl Stone Soup version 0.17-a0-1927-g319369b (webtiles) character file.

59 Gargoyl the Skirmisher (level 3, 0/29 HPs)
             Began as a Demonspawn Abyssal Knight on Sept 29, 2015.
             Was a Believer of Lugonu.
             Succumbed to an adder's poison
             ... on level 2 of the Dungeon.
             The game lasted 00:03:56 (1530 turns).

Gargoyl the Skirmisher (Demonspawn Abyssal Knight)  Turns: 1530, Time: 00:03:56

Health: 0/29       AC: 10    Str: 18    XL:     3   Next: 78%
Magic:  2/5        EV:  3    Int: 18    God:    Lugonu [**....]
Gold:   102        SH:  8    Dex: 12    Spells: 0 memorised, 2 levels left

rFire  . . .     SeeInvis .     a - +1 hand axe
rCold  . . .     Clarity  .     c - +0 plate armour
rNeg   . . .     SustAt   .     f - +0 shield
rPois  .         Gourm    .     (no helmet)
rElec  .         Spirit   +     (no cloak)
rCorr  .         Warding  .     (no gloves)
rMut   .         Stasis   .     (no boots)
MR     .....                    (no amulet)
Stlth  ..........               (no ring)
                                (no ring)

@: mighty, brilliant, lethally poisoned (0 -> -8), not resistant to hostile
enchantments, extremely unstealthy
A: hooves 1, magic shield
a: Depart the Abyss, Bend Space, Renounce Religion


You were on level 2 of the Dungeon.
You worshipped Lugonu.
Lugonu was pleased with you.
You were not hungry.

You visited 1 branch of the dungeon, and saw 2 of its levels.
You visited the Abyss 1 time.

You collected 102 gold pieces.

Inventory:

Hand weapons
 a - a +1 hand axe (weapon)
Armour
 c - a +0 plate armour (worn)
 f - a +0 shield (worn)
Magical devices
 j - a wand of teleportation (4)
Scrolls
 b - a scroll of fear {unknown}
 d - a scroll of magic mapping {unknown}
 h - 2 scrolls of identify {unknown}
 i - a scroll of teleportation {unknown}
 k - a scroll of noise {unknown}
Potions
 e - a potion of brilliance
Comestibles
 g - 2 fruits


   Skills:
 + Level 3.5 Fighting
 + Level 2.4 Axes
 + Level 1.9 Armour
 + Level 1.5 Dodging
 + Level 1.0 Shields
 + Level 2.8 Invocations


You had 2 spell levels left.
You didn't know any spells.

Dungeon Overview and Level Annotations

Branches:
Dungeon (2/15)

Altars:
Okawaru


Innate Abilities, Weirdness & Mutations

You have large cloven feet.
When hurt, damage is shared between your health and your magic reserves.


Message History

Lugonu accepts your kill.
Your Shields skill increases to level 1!
* * * LOW HITPOINT WARNING * * *
You feel sick.
* * * LOW HITPOINT WARNING * * *
You feel sick.
You see here an adder corpse.
Unknown command.
There is a lethal amount of poison in your body!
Drink which item? (? for menu, Esc to quit)
Okay, then.
* * * LOW HITPOINT WARNING * * *
You feel sick.
* * * LOW HITPOINT WARNING * * *
You feel sick.
* * * LOW HITPOINT WARNING * * *
You feel sick.
* * * LOW HITPOINT WARNING * * *
You feel sick.
You die...

#.#..#####.#.#.#.
#.#.#..##.#.#.#.#.
# #....##...#...#.
##...####..#..##.
#...#.#.#....###.
##....###.##..###.
#$...#.#.#.#...##.
#...####.##.##.##.
#@.#.# #†###.#..##
#.#### #.# ##.###
##. #.# ##.# #
######.#########
.................
..###############


There were no monsters in sight!

Vanquished Creatures
  2 adders (D:2)
  A giant gecko (D:1)
  6 bats
  3 giant cockroaches (D:1)
  10 goblins
  3 hobgoblins
  5 kobolds
  4 giant newts (D:1)
  5 rats
39 creatures vanquished.

Notes
Turn   | Place    | Note
--------------------------------------------------------------
     0 | Abyss:1  | Gargoyl the Demonspawn Abyssal Knight began the quest for the Orb.
     0 | Abyss:1  | Reached XP level 1. HP: 18/18 MP: 2/2
    67 | Abyss:1  | Noticed a raiju
    68 | D:1      | Escaped the Abyss
   202 | D:1      | Acquired Lugonu's first power
   227 | D:1      | Gained mutation: When hurt, damage is shared between your health and your magic reserves. [demonic ancestry]
   227 | D:1      | Reached XP level 2. HP: 10/24 MP: 4/4
   528 | D:1      | Reached skill level 1 in Dodging
   866 | D:1      | Gained mutation: You have large cloven feet. [demonic ancestry]
   866 | D:1      | Reached XP level 3. HP: 27/29 MP: 5/5
   984 | D:1      | Acquired Lugonu's second power
  1366 | D:2      | Found an iron altar of Okawaru.
  1523 | D:2      | Reached skill level 1 in Shields
  1527 | D:2      | HP: 1/29 [poisoned by an adder]
  1530 | D:2      | Succumbed to an adder's poison

Vault maps used:
D:1:      matt_arrival_los_fun
D:2:      wad_crossroads, okawaru_metal_pillars_3, dk_noncrumbling_3

Action                   || total
-------------------------++-------
Melee: Hand axe          ||   133
Invok: Depart the Abyss  ||     1
  Use: Potion            ||     2
  Eat: Bread ration      ||     1
